 Dungeon Crawl Stone Soup version 0.21-a0-442-g848f44b (webtiles) character file.

122 Lazav66 the Charmwright (level 5, 0/43 HPs)
             Began as a Gnoll Skald on Nov 15, 2017.
             Was an Initiate of Elyvilon.
             Slain by a slave (8 damage)
             ... led by Pikel
             ... on level 4 of the Dungeon.
             The game lasted 00:07:07 (2964 turns).

Lazav66 the Charmwright (Gnoll Skald)               Turns: 2964, Time: 00:07:08

Health: 0/43       AC:  6    Str: 13    XL:     5   Next: 6%
Magic:  12/12      EV: 14    Int: 16    God:    Elyvilon [......]
Gold:   134        SH:  0    Dex: 15    Spells: 8/14 levels left

rFire    . . .     SeeInvis .   a - +0 falchion
rCold    . . .     Gourm    .   (no shield)
rNeg     . . .     Faith    .   b - +0 leather armour
rPois    .         Spirit   .   w - +2 helmet
rElec    .         Reflect  .   (no cloak)
rCorr    .         Harm     .   (no gloves)
MR       .....                  (no boots)
Stlth    ++........             (no amulet)
HPRegen  0.14/turn              (no ring)
MPRegen  0.13/turn              (no ring)

@: no status effects
A: distributed training, fangs 1, strong nose
a: Renounce Religion


You were on level 4 of the Dungeon.
You worshipped Elyvilon.
Elyvilon was noncommittal.
You were not hungry.

You visited 1 branch of the dungeon, and saw 4 of its levels.

You collected 134 gold pieces.

Inventory:

Hand Weapons
 a - a +0 falchion (weapon)
 p - a +0 long sword
 u - a +4 trident of freezing
Armour
 b - a +0 leather armour (worn)
 o - a +0 ring mail
 w - a +2 helmet (worn)
Scrolls
 e - 2 scrolls of remove curse {unknown}
 f - a scroll of teleportation {unknown}
 i - 2 scrolls of recharging {unknown}
 s - a scroll of enchant armour {unknown}
 x - a scroll of magic mapping {unknown}
Potions
 h - 2 potions of lignification
 j - 3 potions of heal wounds
 l - a potion of haste
 m - a potion of invisibility {unknown}
 n - a potion of mutation {unknown}
 q - 2 potions of might
 t - a potion of degeneration {unknown}
Books
 c - a book of Battle

   Spells                             Type                      Level
   a - Infusion                       Charms                       1
   b - Shroud of Golubria             Charms/Translocation         2
   c - Song of Slaying                Charms                       2
   d - Spectral Weapon                Hexes/Charms                 3
   e - Regeneration                   Charms/Necromancy            3
Comestibles
 d - 3 bread rations
 g - 3 royal jellies
 k - 4 fruits
 r - 2 meat rations
 v - a chunk of flesh


   Skills:
 + Level 4.7 Fighting
 + Level 1.3 Short Blades
 + Level 4.7 Long Blades
 + Level 1.3 Axes
 + Level 1.3 Maces & Flails
 + Level 1.3 Polearms
 + Level 1.3 Staves
 + Level 1.3 Slings
 + Level 1.3 Bows
 + Level 1.3 Crossbows
 + Level 1.3 Throwing
 + Level 2.8 Armour
 + Level 4.7 Dodging
 + Level 1.3 Stealth
 + Level 1.3 Shields
 + Level 1.3 Unarmed Combat
 + Level 5.1 Spellcasting
 + Level 1.0 Conjurations
 + Level 1.0 Hexes
 + Level 5.5 Charms
 + Level 1.0 Summonings
 + Level 1.0 Necromancy
 + Level 1.0 Translocations
 + Level 1.0 Transmutations
 + Level 1.0 Fire Magic
 + Level 1.0 Ice Magic
 + Level 1.0 Air Magic
 + Level 1.0 Earth Magic
 + Level 1.0 Poison Magic
 + Level 1.4 Invocations
 + Level 1.3 Evocations


You had 8 spell levels left.
You knew the following spells:

 Your Spells              Type           Power        Failure   Level  Hunger
a - Infusion              Chrm           ###.         1%          1    None
b - Shroud of Golubria    Chrm/Tloc      ##........   8%          2    #......
c - Spectral Weapon       Hex/Chrm       ##......     14%         3    ###....


Dungeon Overview and Level Annotations

Branches:
Dungeon (4/15)
 Temple: D:4-7

Altars:
Cheibriados
Elyvilon
Makhleb

Shops:
D:4 %

Annotations:
D:4 Pikel


Innate Abilities, Weirdness & Mutations

Your experience applies equally to all skills.
You have very sharp teeth.
Your uncanny sense of smell can sniff out nearby items.


Message History

You closely miss the slave.
The slave is severely wounded.
The slave barely misses you.
Okay, then.
You hit the slave. You bite the slave, but do no damage.
The slave is severely wounded.
The slave hits you but does no damage. The slave misses you.
You miss the slave. You bite the slave, but do no damage.
The slave is severely wounded.
The slave hits you.
* * * LOW HITPOINT WARNING * * *
The slave hits you.
* * * LOW HITPOINT WARNING * * *
You closely miss the slave. You bite the slave, but do no damage.
The slave is severely wounded.
The slave barely misses you. The slave misses you.
You hit the slave.
The slave is almost dead.
The slave misses you. The slave hits you!
You die...

...........# .......###...##
..........# ....>.....##...#
.......[## #............#...#
#........## #............##...
#...###...##
#.............#... #..
#....### #.............##.. #∆
#......###..............#..
#........##.............##.
#........#.p@.............##.
..........###p÷.............##
........... ##..............##
...........# ##.............##
...........# #.............#
........... #.............#
.......... #.............#
##............##
#..............


You could see 2 slaves.

Vanquished Creatures
  A slave (D:4)
  A hound (D:4)
  3 adders
  2 oozes
  An adder skeleton (D:4)
  A worm (D:2)
  A dart slug (D:1)
  A leopard gecko (D:3)
  An orc (D:3)
  A giant cockroach (D:1)
  3 goblins
  7 hobgoblins
  3 jackals (D:1)
  A quokka (D:2)
  2 ball pythons
  10 bats
  A frilled lizard (D:1)
  5 kobolds
  7 rats
52 creatures vanquished.

Notes
Turn   | Place    | Note
-------+----------+-------------------------------------------
     0 | D:1      | Lazav66 the Gnoll Skald began the quest for the Orb.
     0 | D:1      | Reached XP level 1. HP: 20/20 MP: 6/6
    75 | D:1      | Reached XP level 2. HP: 24/26 MP: 7/7
   658 | D:1      | Reached XP level 3. HP: 23/31 MP: 9/9
   962 | D:2      | Reached skill level 5 in Spellcasting
  1441 | D:2      | Found a snail-covered altar of Cheibriados.
  1454 | D:2      | Reached skill level 1 in Invocations
  1658 | D:2      | Reached skill level 1 in Short Blades
  1658 | D:2      | Reached skill level 1 in Axes
  1658 | D:2      | Reached skill level 1 in Maces & Flails
  1658 | D:2      | Reached skill level 1 in Polearms
  1658 | D:2      | Reached skill level 1 in Staves
  1658 | D:2      | Reached skill level 1 in Slings
  1658 | D:2      | Reached skill level 1 in Bows
  1658 | D:2      | Reached skill level 1 in Crossbows
  1658 | D:2      | Reached skill level 1 in Throwing
  1658 | D:2      | Reached skill level 1 in Stealth
  1658 | D:2      | Reached skill level 1 in Shields
  1658 | D:2      | Reached skill level 1 in Unarmed Combat
  1658 | D:2      | Reached skill level 1 in Evocations
  1658 | D:2      | Reached XP level 4. HP: 23/38 MP: 11/11
  2004 | D:2      | Learned a level 2 spell: Shroud of Golubria
  2353 | D:3      | Found a white marble altar of Elyvilon.
  2570 | D:3      | Found a burning altar of Makhleb.
  2634 | D:3      | Became a worshipper of Elyvilon the Healer
  2699 | D:4      | Reached skill level 1 in Conjurations
  2699 | D:4      | Reached skill level 1 in Hexes
  2699 | D:4      | Reached skill level 1 in Summonings
  2699 | D:4      | Reached skill level 1 in Necromancy
  2699 | D:4      | Reached skill level 1 in Translocations
  2699 | D:4      | Reached skill level 1 in Transmutations
  2699 | D:4      | Reached skill level 1 in Fire Magic
  2699 | D:4      | Reached skill level 1 in Ice Magic
  2699 | D:4      | Reached skill level 1 in Air Magic
  2699 | D:4      | Reached skill level 1 in Earth Magic
  2699 | D:4      | Reached skill level 1 in Poison Magic
  2723 | D:4      | Found Vubaim's Food Shop.
  2724 | D:4      | Noticed a slave
  2750 | D:4      | Killed a slave
  2751 | D:4      | Noticed a slave
  2822 | D:4      | Reached XP level 5. HP: 29/43 MP: 12/12
  2931 | D:4      | Noticed Pikel
  2931 | D:4      | Noticed a slave
  2942 | D:4      | Learned a level 3 spell: Spectral Weapon
  2964 | D:4      | Slain by a slave

Vault maps used:
D:1:      evilmike_arrival_rings, minmay_pentomino_o2
D:2:      nicolae_overflow_crystal_walls
D:3:      overflow_temple_1_default, bloody_makhleb
D:4:      kennysheep_mini_moat, old_standard_altar, lemuel_crystal_altar,
          dancing_weapons_uskayaw, first_bread, serial_shops, shop, uniq_pikel

Skill      XL: |  1  2  3  4 |
---------------+-------------+-----
Spellcasting   | 5 |  5.1
Invocations    | 1 |  1.4
Short Blades   | 1 |  1.3
Axes           | 1 |  1.3
Maces & Flails | 1 |  1.3
Polearms       | 1 |  1.3
Staves         | 1 |  1.3
Slings         | 1 |  1.3
Bows           | 1 |  1.3
Crossbows      | 1 |  1.3
Throwing       | 1 |  1.3
Stealth        | 1 |  1.3
Shields        | 1 |  1.3
Unarmed Combat | 1 |  1.3
Evocations     | 1 |  1.3
Conjurations   | 1 |  1.0
Hexes          | 1 |  1.0
Summonings     | 1 |  1.0
Necromancy     | 1 |  1.0
Translocations | 1 |  1.0
Transmutations | 1 |  1.0
Fire Magic     | 1 |  1.0
Ice Magic      | 1 |  1.0
Air Magic      | 1 |  1.0
Earth Magic    | 1 |  1.0
Poison Magic   | 1 |  1.0
Fighting       | |  4.7
Long Blades    | |  4.7
Armour         | |  2.8
Dodging        | |  4.7
Charms         | |  5.5

Action                   |  1- 3 |  4- 6 || total
-------------------------+-------+-------++-------
Melee: Falchion          |    98 |    89 ||   187
       Bite              |     6 |    16 ||    22
 Cast: Infusion          |     1 |     2 ||     3
       Spectral Weapon   |       |     1 ||     1
  Use: Scroll            |       |     4 ||     4
 Stab: Sleeping          |     5 |     2 ||     7
  Eat: Chunk             |     2 |     5 ||     7
Armor: Leather armour    |    25 |    20 ||    45
Dodge: Dodged            |    82 |    72 ||   154
       Rpst.: Falchion   |    22 |    23 ||    45

Table legend:
 A = Spawn XP
 B = Non-spawn XP
 C = Spawn XP percentage of total XP
 D = Spawn monster count
 E = Non-spawn monster count
 F = Spawn count percentage of total count
 G = Total turns spent on level
                    A         B        C        D         E        F      G
               +---------+---------+-------+---------+---------+-------+---------
         Total |       0 |     175 |   0.0 |       0 |      51 |   0.0 |  2964
               +---------+---------+-------+---------+---------+-------+---------
           D:1 |       0 |      36 |   0.0 |       0 |      18 |   0.0 |   958
           D:2 |       0 |      55 |   0.0 |       0 |      19 |   0.0 |  1119
           D:3 |       0 |      24 |   0.0 |       0 |      11 |   0.0 |   572
           D:4 |       0 |      60 |   0.0 |       0 |       3 |   0.0 |   315
               +---------+---------+-------+---------+---------+-------+---------
